 Dungeon Crawl Stone Soup version 0.30.1-4-g462c640d31 (webtiles) character file.

Game seed: 679677573991159709

489 lonewolfV2 the Chopper (level 6, 0/69 (72) HPs)
             Began as a Demonspawn Fighter on Aug 25, 2023.
             Succumbed to Crazy Yiuf's poison
             ... on level 3 of the Dungeon.
             The game lasted 00:03:33 (2733 turns).

lonewolfV2 the Chopper (Demonspawn Fighter)         Turns: 2733, Time: 00:03:34

HP:   0/69 (72)     AC:  8    Str: 18    XL:     6   Next: 90%
MP:   6/6           EV: 16    Int: 10    God:
Gold: 173           SH:  5    Dex: 14    Spells: 5/5 levels left

rFire   + + .        a - +1 war axe
rCold   + . .        c - +0 buckler
rNeg    . . .        m - +2 leather armour {rF+}
rPois   +            v - +2 helmet
rElec   +            (no cloak)
rCorr   +            (no gloves)
SInv    .            (no boots)
Will    .....        (no amulet) Stlth
                     e - +5 ring of evasion
HPRegen 0.31/turn    (no ring)
MPRegen 0.10/turn

%: no passive effects
@: berserking, lethally poisoned (0 -> -11), resistant, lightly drained, very
quick
A: hooves 1, thin skeletal structure 1, demonic guardian 1, spiny 1
a: no special abilities


You were on level 3 of the Dungeon.
You visited 1 branch of the dungeon, and saw 3 of its levels.

You collected 173 gold pieces.

Inventory:

Hand Weapons
 a - a +1 war axe (weapon)
Missiles
 r - a throwing net (quivered)
Armour
 b - a +1 scale mail
 c - a +0 buckler (worn)
 m - a +2 leather armour of fire resistance (worn)
 v - a +2 helmet (worn)
Jewellery
 e - a +5 ring of evasion (left hand)
 j - a +6 ring of strength
Scrolls
 f - 3 scrolls of teleportation {unknown}
 o - a scroll of blinking {unknown}
Potions
 d - 2 potions of might
 g - a potion of resistance
 h - a potion of haste {unknown}
 i - a potion of degeneration {unknown}
 k - a potion of heal wounds {unknown}
 l - 4 potions of mutation
 n - a potion of berserk rage
 p - a potion of magic {unknown}
 q - a potion of ambrosia {unknown}
 t - a potion of lignification {unknown}


   Skills:
 + Level 4.0 Fighting
 + Level 4.6 Axes
 + Level 4.0 Armour
 + Level 1.9 Dodging
 + Level 0.3 Stealth
 + Level 3.4 Shields


You had 5 spell levels left.
You didn't know any spells.
Your spell library contained the following spells:

 Spells                   Type           Power      Damage    Failure   Level
 Magic Dart               Conj           0%         1d3       50%         1
 Sting                    Tmut/Pois      0%         1d3       50%         1
 Poisonous Vapours        Pois/Air       0%         N/A       65%         2
 Searing Ray              Conj           0%         2d4       65%         2
 Fulminant Prism          Conj/Hex       0%         3d5       99%         4
 Olgreb's Toxic Radiance  Pois           0%         N/A       99%         4


Dungeon Overview and Level Annotations

Branches:
Dungeon (3/15)

Altars:

Shops:
D:3 :

Annotations:
D:3 Crazy Yiuf


Innate Abilities, Weirdness & Mutations

You have large cloven feet.
You have a somewhat thin skeletal structure. (Dex +2, Stealth+)
A weak demonic guardian rushes to your aid.
You are partially covered in sharp spines.


Message History

Could not explore, unopened runed door.
You open the door. You closely miss Crazy Yiuf. Your kick misses Crazy Yiuf.
Crazy Yiuf hits you with a +4 quarterstaff of chaos!
A demonic guardian appears!
You feel drained.
Crazy Yiuf waves his quarterstaff at you.
Crazy Yiuf closely misses you.
You slash Crazy Yiuf!
Crazy Yiuf is moderately wounded.
Your quasit barely misses Crazy Yiuf.
Your quasit closely misses Crazy Yiuf.
Your quasit barely misses Crazy Yiuf.
Crazy Yiuf hits you with a +4 quarterstaff of chaos!
You are poisoned.
You slash Crazy Yiuf! You kick Crazy Yiuf, but do no damage.
Crazy Yiuf is severely wounded.
You feel extremely sick.
Your quasit barely misses Crazy Yiuf.
Your quasit claws Crazy Yiuf but does no damage. x2
Crazy Yiuf hits you with a +4 quarterstaff of chaos!
* * * LOW HITPOINT WARNING * * *
A demonic guardian appears!
Crazy Yiuf burns you.
* * * LOW HITPOINT WARNING * * *
Your quasit bites Crazy Yiuf.
Your quasit claws Crazy Yiuf but does no damage.
Your quasit claws Crazy Yiuf.
It was a potion of resistance.
You feel protected.
* * * LOW HITPOINT WARNING * * *
You feel very sick.
Your quasit barely misses Crazy Yiuf.
Your quasit claws Crazy Yiuf but does no damage.
Your quasit claws Crazy Yiuf.
Crazy Yiuf hits your quasit with a +4 quarterstaff of chaos!
Your quasit suddenly seems more resistant.
Your ufetubus closely misses Crazy Yiuf.
Your ufetubus barely misses Crazy Yiuf.
It was a potion of berserk rage.
A red film seems to cover your vision as you go berserk!
You feel yourself moving faster!
You feel mighty!
You die...

.<...# .....####
........# ......#.####
##### ......#....# #).)#
.......##### #)))#
....†......# )55
....)..##### #g#
.....#.## #@##
######..## ##)# ## ##..#
#)## .# ##.## ##)# .####
#..# ##)## ....#####.##
##..)# ### .......##..#
#....# #.# .....#.....#
##..## #.#
...........####....###.#


You could see Crazy Yiuf (distracted, ally target), a friendly quasit (summoned,
resistant) and a friendly ufetubus (summoned).

Vanquished Creatures
  A centaur (D:3)
  An orc priest (D:3)
  4 adders
  7 gnolls (D:2)
  A worm (D:2)
  3 orcs (D:3)
  4 ball pythons
  2 endoplasms (D:2)
  3 giant cockroaches
  5 hobgoblins
  4 kobolds
  2 quokkas
  5 bats
  8 frilled lizards
  5 goblins
  5 rats
60 creatures vanquished.

Vanquished Creatures (collateral kills)
  Grinder (D:3)
  An orc wizard (D:3)
2 creatures vanquished.

Grand Total: 62 creatures vanquished

Notes
Turn   | Place    | Note
-------+----------+-------------------------------------------
     0 | D:1      | lonewolfV2 the Demonspawn Fighter began the quest for the
                  | Orb.
     0 | D:1      | Reached XP level 1. HP: 18/18 MP: 1/1
   226 | D:1      | Gained mutation: You have large cloven feet. [demonic
                  | ancestry]
   226 | D:1      | Reached XP level 2. HP: 24/24 MP: 2/2
  1051 | D:2      | Found a faded altar of an unknown god.
  1063 | D:2      | Reached skill level 1 in Dodging
  1063 | D:2      | Gained mutation: A weak demonic guardian rushes to your
                  | aid. [demonic ancestry]
  1063 | D:2      | Reached XP level 3. HP: 26/29 MP: 3/3
  1071 | D:2      | Reached XP level 4. HP: 27/35 MP: 4/4
  1805 | D:3      | Noticed a centaur
  1822 | D:3      | Killed a centaur
  1823 | D:3      | Gained mutation: You have a somewhat thin skeletal
                  | structure. (Dex +2, Stealth+) [demonic ancestry]
  1823 | D:3      | Reached XP level 5. HP: 27/42 MP: 5/5
  2005 | D:3      | Noticed Grinder
  2011 | D:3      | Paralysed by Grinder for 4 turns
  2020 | D:3      | Paralysed by Grinder for 5 turns
  2050 | D:3      | Paralysed by Grinder for 4 turns
  2070 | D:3      | Killed Grinder
  2071 | D:3      | Gained mutation: You are partially covered in sharp spines.
                  | [demonic ancestry]
  2071 | D:3      | Reached XP level 6. HP: 10/48 MP: 6/6
  2565 | D:3      | Found Luluphe's Book Emporium.
  2724 | D:3      | Found a runed translucent door.
  2725 | D:3      | Noticed Crazy Yiuf
  2732 | D:3      | HP: 2/46 [poisoned by Crazy Yiuf]
  2733 | D:3      | Succumbed to Crazy Yiuf's poison

Illustrated notes

Levels and vault maps discovered:
D:1:      scummos_arrival_gate, layout_loops_corners,
          hangedman_abyss_or_decor_lesser_grid, skrybe_limestone_x,
          minmay_misc_feat_diagonals
D:2:      layout_loops_ring, hellmonk_ecumenical_altar_arch_garden
D:3:      layout_rooms, nicolae_overflow_hidden_temple, serial_shops, shop,
          wad_floor_pattern_untrapped, kennysheep_orc_chapel,
          uniq_crazy_yiuf_cottage, uniq_ijyb, uniq_grinder

Skill      XL: |  1  2  3  4  5  6 |
---------------+-------------------+-----
Shields        | 3 |  3.4
Dodging        | 1 |  1.9
Armour         | 3 4 |  4.0
Axes           | 2 3 4 |  4.6
Fighting       | 4 |  4.0
Stealth        | |  0.3

Action                     |  1- 3 |  4- 6 || total
---------------------------+-------+-------++-------
  Melee: War axe           |    49 |    82 ||   131
         Kick              |     7 |    21 ||    28
    Use: Scroll            |       |     7 ||     7
         Potion            |       |     2 ||     2
 Armour: Scale mail        |    23 |    40 ||    63
         Leather armour    |       |     2 ||     2
  Dodge: Dodged            |    57 |    74 ||   131
  Block: Buckler           |    13 |    24 ||    37
